cohdb
Replays
Latest Replays
All Replays
Popular Replays
Top Player Replays
Match Explorer
How It Works
Community
CoH3 Stats
Reddit
Sign in to upload your games and track your stats! →
Sign in with Steam
Match 32339485
Unlisted
Match 32339485
Overview
Messages
Build Orders
End
Kettenkrad Recon Vehicle
Construct Infanterie Kompanie
Grenadier Squad
Selects Breakthrough Battlegroup
Selects Assault Grenadiers
Grenadier Squad
Grenadier Squad
Construct Panzergrenadier Kompanie
Panzergrenadier Squad
Panzergrenadier Officer Quarters
Selects 2.5-tonne Cargo Truck
2.5-tonne Cargo Truck
Construct Panzer Kompanie
Stoßtruppen Squad
Panzer Officer Quarters
Selects Blitzkrieg
Panzer IV Medium Tank
Pioneer Squad
Medical Bunker
Pak 40 Anti-tank Gun Team
Selects Tiger Heavy Tank
Tiger Heavy Tank
Selects Breakthrough
Pioneer Squad
Sturmpanzer IV Brummbär
Selects Incendiary Bombing Run
Panzer IV Medium Tank
MaXiS
RideZero
0
0
Comments
sign in to comment!
No comments posted yet!